Cogmind - Beta 16 @@@ ROGUE MODE // 2026.01.29 @ 12:30:47 Player: Carter Result: Destroyed by S-10 Pest with Light Assault Rifle Performance ------------- Evolutions (0) 0 Regions Visited (2) 400 Robots Destroyed (15) 75 Value Destroyed (287) 287 Prototype IDs (0) 0 Alien Tech Used (0) 0 Bonus (0) 0 TOTAL SCORE: 762 Bonus ------- None Cogmind --------- Core Integrity 0/250 Matter 300/300 Energy 100/100 System Corruption 0% Temperature Cool (0) Movement Core (50) Location -10/Mines Parts ------- > --- POWER (1) -------- (None) > --- PROPULSION (2) --- (None) > --- UTILITY (2) ------ Signal Interpreter > --- WEAPON (2) ------- (None) > --- INVENTORY (5) ---- (None) Peak State ------------ > --- POWER ------------ Light Ion Engine > --- PROPULSION ------- Light Treads Light Treads > --- UTILITY ---------- Small Storage Unit Signal Interpreter > --- WEAPON ----------- EM Pulse Gun Mining Laser > --- INVENTORY -------- Aluminum Leg Aluminum Leg Medium Laser Light Assault Rifle [Rating: 7] Favorites ----------- Power Light Ion Engine Engine Light Ion Engine Propulsion Light Treads Treads Light Treads Leg Aluminum Leg Utility Signal Interpreter Storage Medium Battery Processor Signal Interpreter Weapon Light Assault Rifle Energy Gun Medium Laser Ballistic Gun Light Assault Rifle Special Weapon Mining Laser Build | -11 -10 -10 ------- Run | Yrd Mat Min Slots Evolved . | . . . Power . | . . . Propulsion . | . . . Utility . | . . . Weapon . | . . . Parts Attached 20 | 6 14 . Power 2 | 1 1 . Engine 2 | 1 1 . Core . | . . . Reactor . | . . . Propulsion 8 | 2 6 . Treads 6 | 2 4 . Leg 2 | . 2 . Wheel . | . . . Hover . | . . . Flight . | . . . Utility 3 | 1 2 . Device . | . . . Storage 2 | 1 1 . Processor 1 | . 1 . Hackware . | . . . Protection . | . . . Artifact . | . . . Weapon 7 | 2 5 . Energy Gun 2 | 1 1 . Energy Cannon . | . . . Ballistic Gun 2 | 1 1 . Ballistic Cannon . | . . . Launcher . | . . . Special Weapon 3 | . 3 . Impact Weapon . | . . . Slashing Weapon . | . . . Piercing Weapon . | . . . Special Melee Weapon . | . . . Unidentified Prototypes . | . . . Parts Lost 13 | . 10 3 Power 2 | . 2 . Propulsion 4 | . 2 2 Utility 1 | . . 1 Weapon 6 | . 6 . Highest Loss Streak 4 | . 4 2 To Critical Strikes 1 | . . 1 Average Backups 2 | 1 3 . Power . | . . . Propulsion 1 | . 2 . Utility . | . . . Weapon . | . 1 . Tool/Special . | . . . Unused Backups 4 | . 4 . Power . | . . . Propulsion 3 | . 3 . Utility . | . . . Weapon 1 | . 1 . Tool/Special . | . . . Average Slot Usage (%) 79 | . 86 51 Engine 5 | . 7 . Treads 26 | . 26 27 Leg 1 | . 1 . Storage 13 | . 14 9 Processor 12 | . 12 14 Energy Gun 7 | . 9 . Ballistic Gun 6 | . 7 . Special Weapon 5 | . 6 . Peak Build Rating 7 | 6 7 4 Average Rating 5 | 4 6 3 On Entrance 3 | . 6 4 Avg Prop Armor Cover (%) . | . . . Naked Turns . | . . . Heaviest Build 11 | 11 11 2 Greatest Support 40 | 40 40 40 Greatest Overweight (x) 1 | 1 . . Average Overweight (x) . | . . . Largest Inventory Capacity 8 | 8 8 5 Average Capacity 5 | 7 5 5 Most Carried 5 | 3 5 . Average Carried 2 | 1 3 . Final Capacity 8 | 8 5 5 Final Carried 3 | 3 . . Class Distribution -------------------- 100% | Mutant Dominant Class ---------------- Mutant | -10/Materials Mutant | -10/Mines Resources | -11 -10 -10 ----------- Run | Yrd Mat Min Matter Collected 410 | 208 202 . Remotely . | . . . Salvage Created 421 | . 421 . Parts 22 | . 22 . Haulers Intercepted 1 | . 1 . Recyclers Shooed 3 | . 3 . Parts Field Recycled . | . . . Retrieved Matter . | . . . Parts Self-Destructed . | . . . Prevented . | . . . Parts Restored . | . . . Kills | -11 -10 -10 ------- Run | Yrd Mat Min Combat Hostiles Destroyed 10 | . 10 . Melee 2 | . 2 . Guns 6 | . 6 . Cannons 1 | . 1 . AOE 1 | . 1 . Classes Destroyed 6 | . 6 . Worker 1 | . 1 . Builder 1 | . 1 . Hauler 1 | . 1 . Recycler 2 | . 2 . Swarmer 4 | . 4 . Grunt 6 | . 6 . Best Kill Streak 4 | . 4 . Combat Bots Only 3 | . 3 . Max Kills in Single Turn 1 | . 1 . Gunslinging . | . . . Exploded 1 | . 1 . Melee 1 | . 1 . Uniques/NPCs Destroyed . | . . . Combat | -11 -10 -10 -------- Run | Yrd Mat Min Hostile Shots Fired 189 | . 134 55 Missed 54 | . 38 16 Hits 135 | . 96 39 Projectile 135 | . 96 39 Critical Strikes 3 | . 2 1 Damage Taken 1416 | . 1103 313 Core 253 | . 183 70 Absorbed by Shields . | . . . Core Remaining (%) 100 | 100 . . Volleys Fired 49 | . 49 . Largest 2 | . 2 . Hottest 140 | . 140 . Shots Fired 83 | . 83 . Gun 65 | . 65 . Cannon . | . . . Launcher . | . . . Special 18 | . 18 . Kinetic 27 | . 27 . Thermal 44 | . 44 . Explosive . | . . . Electromagnetic 12 | . 12 . Robot Hit Streak 16 | . 16 . Robot Miss Streak 3 | . 3 . Penetration Max . | . . . Secondary Targets 3 | . 3 . Max Gunslinging Chain 1 | . 1 . Shots Hit Robots 56 | . 56 . Core Hits 35 | . 30 5 Critical Kills . | . . . Critical Parts Destroyed . | . . . Critical Strikes 5 | . 5 . Burn 5 | . 5 . Melee Attacks . | . . . Impact . | . . . Slashing . | . . . Piercing . | . . . Sneak Attacks . | . . . Combat Hostiles . | . . . Follow-up Attacks . | . . . Damage Inflicted 830 | 8 797 25 Guns 542 | . 542 . Cannons . | . . . Explosions 75 | . 75 . Melee . | . . . Ramming 45 | 8 12 25 Kinetic 182 | . 182 . Thermal 531 | . 531 . Explosive . | . . . Electromagnetic 72 | . 72 . Impact . | . . . Slashing . | . . . Piercing . | . . . Highest Corruption . | . . . Average Corruption . | . . . Corruption Purged . | . . . Corruption Blocked . | . . . Overload Shots . | . . . Overflow Damage 29 | . 29 . Projectiles . | . . . Explosions 29 | . 29 . Melee . | . . . Knockbacks 1 | 1 . . Impact 1 | 1 . . Kinetic . | . . . Secondary . | . . . Self-Inflicted Damage 40 | . 35 5 Shots 1 | . 1 . Rammed 50 | 1 20 29 Targets Rammed 51 | 1 21 29 Kicked . | . . . Crushed 1 | . 1 . Highest Temperature 227 | . 227 . Average Temperature 55 | . 55 . Received Heat Transfer 495 | . 495 . Siege Activations . | . . . Martial Activations . | . . . Shielding Activations . | . . . Robots Disrupted . | . . . Combat Hostiles . | . . . Robots Corrupted . | . . . Combat Hostiles . | . . . Parts Fried . | . . . Impact Corruptions . | . . . Robots Melted . | . . . Combat Hostiles . | . . . Parts Melted 1 | . 1 . Heat Transferred 1671 | . 1671 . Parts Sabotaged . | . . . Parts Stolen . | . . . Parts Stripped . | . . . Power Chain Reactions 1 | . 1 . Alert | -11 -10 -10 ------- Run | Yrd Mat Min Maximum Alert Level . | . . . Low Security (%) 100 | 100 100 100 Level 1 . | . . . Level 2 . | . . . Level 3 . | . . . Level 4 . | . . . Level 5 . | . . . High Security . | . . . Max Security . | . . . Peak Influence 115 | . 115 15 Initial 6 | . . 6 Average 24 | . 33 1 Influence Increases 316 | . 301 15 Destroy 0b10 Robot/C 200 | . 200 . Destroy 0b10 Robot/NC 25 | . 25 . Destroy Leader 42 | . 42 . Disable Machine 15 | . 15 . Destroy Structure 4 | . 4 . Lose Combat Pursuer 30 | . 15 15 Influence Decreases 316 | . 283 33 Entered New Map 12 | . . 12 Time Decay 198 | . 187 11 Lost Part 106 | . 96 10 Squads Dispatched 2 | . 2 . Investigation . | . . . Extermination . | . . . Reinforcement 2 | . 2 . Assault . | . . . Garrison . | . . . Intercept . | . . . Searches Triggered . | . . . Construction Impeded . | . . . Haulers Reinforced . | . . . Active Scanning Responses . | . . . Cargo Convoy Interrupts . | . . . Stealth | -11 -10 -10 --------- Run | Yrd Mat Min Distress Signals 2 | . 2 . Communications Jammed . | . . . Distress Signals . | . . . Times Spotted 22 | . 19 3 Peak Tracking Total 4 | . 4 3 Tactical Retreats 2 | . 1 1 Traps | -11 -10 -10 ------- Run | Yrd Mat Min Traps Triggered . | . . . Indirectly . | . . . Trap Hack Attempts . | . . . Triggered . | . . . Disarmed . | . . . Reprogrammed . | . . . Reused . | . . . Traps Extracted . | . . . Installed . | . . . Triggered . | . . . Machines | -11 -10 -10 ---------- Run | Yrd Mat Min Machines Disabled 1 | . 1 . Max in Single Turn 1 | . 1 . Machines Repaired . | . . . Machines Dismantled . | . . . Machines Sabotaged . | . . . Overloaded Fab Kills . | . . . Hacking | -11 -10 -10 --------- Run | Yrd Mat Min Machines Accessed 1 | . 1 . Terminals 1 | . 1 . Fabricators . | . . . Repair Stations . | . . . Recycling Units . | . . . Scanalyzers . | . . . Garrison Access . | . . . Total Hacks 2 | . 2 . Successful 1 | . 1 . Failed 1 | . 1 . Catastrophic . | . . . Database Lockouts . | . . . Manual . | . . . Terminals 2 | . 2 . Fabricators . | . . . Repair Stations . | . . . Recycling Units . | . . . Scanalyzers . | . . . Garrison Access . | . . . Terminal Hacks 1 | . 1 . Record 1 | . 1 . Fabricator Hacks . | . . . Repair Station Hacks . | . . . Recycling Unit Hacks . | . . . Scanalyzer . | . . . Garrison Access Hacks . | . . . Unauthorized Hacks . | . . . Terminals . | . . . Fabricators . | . . . Repair Stations . | . . . Recycling Units . | . . . Scanalyzers . | . . . Garrison Access . | . . . Data Cores Recovered . | . . . Used . | . . . Hacking Detections 1 | . 1 . Full Trace Events . | . . . Feedback Events . | . . . Feedback Blocked . | . . . Robot Schematics Acquired . | . . . Robots Built . | . . . Authchips . | . . . Time . | . . . Total Robot Build Rating . | . . . Part Schematics Acquired . | . . . Parts Built . | . . . Authchips . | . . . Time . | . . . Total Part Build Rating . | . . . Part Studies Acquired . | . . . Parts Repaired . | . . . Time . | . . . Parts Recycled . | . . . Recycled Matter . | . . . Retrieved Matter . | . . . Retrieved Components . | . . . Parts Scanalyzed . | . . . Part Schematics Acquired . | . . . Parts Damaged . | . . . Bothacking | -11 -10 -10 ------------ Run | Yrd Mat Min Used RIF Installer . | . . . Robots Hacked . | . . . Non-combat . | . . . Combat . | . . . Robot Hacks Applied . | . . . Relay Couplers Released . | . . . Fabnet Peak Effective % . | . . . Robots Rewired . | . . . Allies Hacked . | . . . Hacks Repelled . | . . . Allies | -11 -10 -10 -------- Run | Yrd Mat Min Total Allies . | . . . Largest Group . | . . . Highest-Rated Group . | . . . Highest-Rated Ally . | . . . Total Orders . | . . . Ally Attacks . | . . . Total Damage . | . . . Kills . | . . . Allies Corrupted . | . . . Allies Melted . | . . . Intel | -11 -10 -10 ------- Run | Yrd Mat Min Active Infowar (turns) . | . . . Robot Analysis Total . | . . . Derelict Logs Recovered . | . . . Drone Launches . | . . . Drone Recoveries . | . . . Exploration | -11 -10 -10 ------------- Run | Yrd Mat Min Turns Passed 884 | 104 627 153 Spaces Moved 377 | 61 248 68 Core 7 | 7 . . Treads 354 | 54 232 68 Legs 16 | . 16 . Wheels . | . . . Hover . | . . . Flight . | . . . Fastest Speed 50 | 50 120 160 Average Speed 156 | 149 157 160 Slowest Speed 160 | 160 160 160 Overloaded Moves . | . . . Propulsion Burnouts . | . . . Robots Hopped . | . . . Potential Cave-ins . | . . . Cave-ins Triggered . | . . . Exploration Rate (%) 19 | 5 31 21 Regions Visited 2 Branch Regions 1 Pre-discovered Areas . | . . . Known Exits Taken 1 | . 1 . Unknown Exits Taken 1 | 1 . . Scrap Searched . | . . . Spaces Dug . | . . . Terrain Destroyed 4 | . 4 . Melee . | . . . Projectile 3 | . 3 . AOE 1 | . 1 . Terrain Rammed . | . . . Walls Destroyed . | . . . Machines Disabled . | . . . Actions | -11 -10 -10 --------- Run | Yrd Mat Min Total 531 | 70 364 97 Wait 17 | . 17 . Move 376 | 61 247 68 Hop . | . . . Pick Up 9 | 3 6 . Fast Attach 11 | 6 5 . Attach 5 | . 5 . Detach 1 | . 1 . Swap 6 | . 6 . Drop 7 | . 7 . Fire 49 | . 49 . Melee . | . . . Ram 4 | . . 4 Kick . | . . . Crush 46 | . 21 25 Escape Stasis . | . . . Rewire . | . . . Trap . | . . . Miscellaneous . | . . . Route ------- -11/Scrapyard -10/Materials (discovered 2 exits: [*Mat] / *Min) -10/Mines History --------- Turn | Location | Event 2 | -11/Scrapyard | Met Revision 17 11 | -11/Scrapyard | Discovered new exit (range 15) 105 | -11/Scrapyard | Entered Materials 308 | -10/Materials | Build established: Mutant 343 | -10/Materials | Discovered new exit (range 6) 349 | -10/Materials | Identified exit to Mines 351 | -10/Materials | Lost 4 parts (1p3w) 615 | -10/Materials | Core integrity fell below 50% 657 | -10/Materials | Lost 3 parts (1p2w) 679 | -10/Materials | Discovered new exit (range 13) 723 | -10/Materials | Lost 3 parts (2n1w) 732 | -10/Materials | Entered Mines 843 | -10/Mines | Core integrity fell below 20% 885 | -10/Mines | Destroyed by S-10 Pest with Light Assault Rifle Last Messages --------------- 00692_ Lgt. Treads destroyed. 00692_ Slammed into G-34 Mercenary. 00695_ Acquired 3 matter. 00695_ Slammed into G-34 Mercenary. 00698_ Acquired 3 matter. 00698_ Slammed into G-34 Mercenary. 00700_ Crushed G-34 Mercenary. 00700_ G-34 Mercenary destroyed. LOCATION=MINES GOAL=ESCAPE Something is scanning the area. 00830_ Slammed into S-10 Pest. 00836_ Med. Battery destroyed. 00836_ Slammed into S-10 Pest. 00869_ S-10 Pest destroyed. 00871_ Lgt. Treads destroyed. 00878_ Slammed into S-10 Pest. 00880_ Critical hit (Destroy). 00880_ Lgt. Treads destroyed. 00881_ Slammed into S-10 Pest. Map ----- +----------------------------------------------------+ | ??????????????????????????????????? | | ??????????????????????????????????? | | ??????????????????????????????????? | | ??????????????????????????????????? | | ??????????????????????????????????? | | ??????????????????????????????????? | | ??????????????????????????????????? | | ??????????????????????????????????? | | ??????????????????????????????????? | | ????????????? ????????????????????? | | ????????? ??? ????????????????????? | | ????????? ??? ????????????????????? | | ????????? ??? ????????????????????? | | ????????? ??" ????????????????????? | | ????????" "?" #???????????????????? | | ????????" "?" ???????????????????? | | ?# ???? #???????????????????? | | ?# ? """ """ #???????????????????? | | ?# """ """ #???????????????????? | | ?# """ """ #???????????????????? | | ?# #???????????????????? | | ?# """ """ #???????????????????? | | ?# """ """ #???????????????????? | | ?# """ """ #???????????????????? | | ?# %%%%%%#???????????????????? | | ?# %%%@s%%#???????????????????? | | ???#####%######???????????????????? | | ???????#%#####????????????????????? | | ???????#%%%%%#????????????????????? | | ???????####% #?????? #####????????? | | ??????????# ##????? ###??????? | | ??????##### #####?? ##?????? | | ?????## ##?? ##????? | | ?????# #???# ##???? | | ?????# ##### #???? | | ?????# ## ##??# | | ?????## #### | | ??????# | | ??????# | | ??????# ### ## ## | | ??????## ##?############ | | ???????## #?????????????# | | ????????# ##?????????????# | | ????????###??????????????## | | ??????????????????######## ## | | ?????????????????## #### | | ?????????????????# #??### | | ?????????????????# #????? | | ?????????????????## ### #????? | | ??????????????????###??## ##????? | +----------------------------------------------------+ Best States ------------- Heat Dissipation 25 Energy Generation 10 Energy Capacity 400 Matter Stores 300 Matter Capacity 300 Sight Range 16 Terrain Scan Density 10 Evasion (%) 55 Recoil Reduction 2 Item Schematics ----------------- None Robot Schematics ------------------ None Fabricated ------------ Nothing Repaired ---------- Nothing Studied --------- None Alien Tech Used ----------------- None Achievements -------------- You Again Challenges ------------ None Game ------ Seed BottomlessCompactShell Manual? 0 Play Time 00:11:18 Cumulative 9.6 hours Start 2026.01.28 @ 21:35:56 End 2026.01.29 @ 12:30:47 Sessions 2 Manual Loads 0 Difficulty Rogue Special Mode None Game No. 21 Rogue 21 Adventurer 0 Explorer 0 Win Type - Total 0 Types 0/0/0/0/0/0/0/0/0/0 Lore% 3 Gallery% 17 Achievement% 12 Wizard Run 0 Options --------- Layout 2 ASCII 0 Keyboard 1 Movement Vi Keybinds 0 Fullscreen 1 Font 24/Smallcaps Map View 50x44 Zoom Use 42% Tactical HUD 1 Map Filters NONE Filters NONE Steam 1 RUN: 9b05d310-e76a-46d7-8616-860b91ce560d